 Dungeon Crawl Stone Soup version 0.19.3-4-gbf9329e (webtiles) character file.

137 Alarkh the Chopper (level 5, -12/57 HPs)
             Began as a Demonspawn Skald on Jan 28, 2017.
             Mangled by an ogre
             ... wielding a +0 giant club
              (16 damage)
             ... on level 3 of the Dungeon.
             The game lasted 00:03:08 (2581 turns).

Alarkh the Chopper (Demonspawn Skald)               Turns: 2581, Time: 00:03:09

Health: -12/57     AC: 22    Str: 16 (17) XL:     5   Next: 0%
Magic:  8/8        EV:  2    Int: 12 (15) God:
Gold:   174        SH:  0    Dex: 11 (12) Spells: 1 memorised, 7 levels left

rFire  . . .     SeeInvis +     a - +0 hand axe
rCold  . . .     Gourm    .     (armour currently unavailable)
rNeg   + + +     Faith    .     (no shield)
rPois  +         Spirit   .     (helmet currently unavailable)
rElec  .         Reflect  .     (cloak currently unavailable)
rCorr  .         Harm     .     (gloves currently unavailable)
MR     .....     NoTele   +     (boots currently unavailable)
Stlth  +++.......               r - amulet of rage
                                (no ring)
                                n - ring of see invisible

@: mighty, exhausted, tree-form, slowed, very slow
A: (large bone plates 0), nightstalker 2
a: Evoke Berserk Rage


You were on level 3 of the Dungeon.
You were very hungry.
You were a tree.
You visited 1 branch of the dungeon, and saw 3 of its levels.

You collected 174 gold pieces.

Inventory:

Hand Weapons
 a - a +0 hand axe (weapon)
Armour
 b - a +0 leather armour (melded)
Jewellery
 n - a ring of see invisible (left branch)
 o - an uncursed amulet of faith
 r - an amulet of rage (around neck)
Scrolls
 e - a scroll of identify
 g - 2 scrolls of magic mapping
 h - a scroll of remove curse {unknown}
 j - a scroll of noise {unknown}
 m - 2 scrolls of amnesia
 p - a scroll of blinking {unknown}
Potions
 s - a potion of haste {unknown}
Books
 c - a book of Battle

   Spells                             Type                      Level
   a - Infusion                       Charms                       1
   b - Shroud of Golubria             Charms/Translocation         2
   c - Song of Slaying                Charms                       2
   d - Spectral Weapon                Hexes/Charms                 3
   e - Regeneration                   Charms/Necromancy            3
Comestibles
 d - a bread ration
 i - a meat ration
 k - a fruit
 t - 2 chunks of flesh


   Skills:
 - Level 2.0 Fighting
 * Level 4.4 Axes
 - Level 0.8 Armour
 - Level 0.8 Dodging
 - Level 2.0 Spellcasting
 - Level 2.6 Charms
 + Level 1.3 Evocations


You had 7 spell levels left.
You knew the following spells:

 Your Spells              Type           Power        Failure   Level  Hunger
a - Infusion              Chrm           #...         12%         1    ##.....


Dungeon Overview and Level Annotations

Branches:
Dungeon (3/15)

Altars:
Hepliaklqana
Makhleb
Ru
Xom
Zin


Innate Abilities, Weirdness & Mutations

((You are partially covered in large bone plates. (SH +4)))
You are significantly more attuned to the shadows.


Message History

The ogre hits you with a giant club.
* * * LOW HITPOINT WARNING * * *
You barely miss the ogre.
The ogre is almost dead.
The ogre hits you with a giant club.
* * * LOW HITPOINT WARNING * * *
The ogre hits you but does no damage.
Unknown command.
You hit the ogre.
The ogre is almost dead.
The ogre hits you but does no damage.
You barely miss the ogre.
The ogre is almost dead.
You hit the worm. The ogre hits you but does no damage. The worm bites you!
* * * LOW HITPOINT WARNING * * *
Unknown command.
You barely miss the ogre.
The ogre is almost dead.
You hit the worm. The ogre hits you with a giant club!
You die...

###.#
#.###.###...#.#.#..
2#§##
#.#................
#Z##
..#........)....... ##
..#................
............)......
.#..............
#..............
...............
#....♣)........
....†wO........
#+#......#...........$.
#.#......#............
#.#......#...........
#.#......#..........
#.+......#.....
###.#.....)#......
..)...............


You could see an ogre and a worm.

Vanquished Creatures
  Ijyb (D:3)
  Natasha (twice) (D:3)
  A gnoll (D:3)
  2 worms
  A leopard gecko (D:3)
  An orc (D:3)
  8 goblins
  9 hobgoblins
  A jackal (D:3)
  2 ball pythons (D:2)
  7 bats
  6 frilled lizards
  4 kobolds
  4 rats
49 creatures vanquished.

Notes
Turn   | Place    | Note
-------+----------+-------------------------------------------
     0 | D:1      | Alarkh the Demonspawn Skald began the quest for the Orb.
     0 | D:1      | Reached XP level 1. HP: 16/16 MP: 3/3
    53 | D:1      | Reached skill level 2 in Axes
   476 | D:1      | Gained mutation: You are slightly more attuned to the shadows. [demonic ancestry]
   476 | D:1      | Reached XP level 2. HP: 13/22 MP: 5/5
   919 | D:2      | Reached skill level 3 in Axes
  1261 | D:2      | Gained mutation: You are significantly more attuned to the shadows. [demonic ancestry]
  1261 | D:2      | Reached XP level 3. HP: 12/27 MP: 0/6
  1702 | D:2      | Found a faded altar of an unknown god.
  1705 | D:2      | Found a faded altar of an unknown god.
  1707 | D:2      | Found a sacrificial altar of Ru.
  1709 | D:2      | Found a burning altar of Makhleb.
  1714 | D:2      | Found a faded altar of an unknown god.
  1882 | D:2      | Found a glowing silver altar of Zin.
  1959 | D:3      | Noticed Ijyb
  1969 | D:3      | Killed Ijyb
  2219 | D:3      | Reached XP level 4. HP: 17/33 MP: 7/7
  2412 | D:3      | Found a hazy altar of Hepliaklqana.
  2414 | D:3      | Found a shimmering altar of Xom.
  2414 | D:3      | Noticed a hell beast
  2415 | D:3      | Noticed a hell beast
  2415 | D:3      | Noticed a spectral ugly thing
  2440 | D:3      | Reached skill level 4 in Axes
  2546 | D:3      | Noticed Natasha
  2555 | D:3      | Killed Natasha
  2555 | D:3      | Reached skill level 1 in Evocations
  2562 | D:3      | Noticed Natasha
  2569 | D:3      | Killed Natasha
  2570 | D:3      | Noticed an ogre
  2576 | D:3      | Gained mutation: You are partially covered in large bone plates. (SH +4) [demonic ancestry]
  2576 | D:3      | Reached XP level 5. HP: 16/38 MP: 8/8
  2581 | D:3      | Mangled by an ogre

Skill      XL: |  1  2  3  4 |
---------------+-------------+-----
Axes           | 2 3 4 |  4.4
Evocations     | 1 |  1.3
Fighting       | |  2.0
Armour         | |  0.8
Dodging        | |  0.8
Spellcasting   | |  2.0
Charms         | |  2.6

Action                   |  1- 3 |  4- 6 || total
-------------------------+-------+-------++-------
Melee: Hand axe          |   135 |    25 ||   160
 Cast: Infusion          |     7 |       ||     7
 Abil: Evoke Berserk Rag |     2 |     2 ||     4
  Use: Scroll            |     4 |       ||     4
       Potion            |       |     3 ||     3
 Stab: Sleeping          |     8 |       ||     8
  Eat: Chunk             |     5 |     3 ||     8
Armor: Leather armour    |    46 |     4 ||    50
       Skin              |       |     6 ||     6
Dodge: Dodged            |    82 |    15 ||    97
